 Dungeon Crawl Stone Soup version 0.16.1-11-g651b585 (webtiles) character file.

46 karlm the Sneak (level 3, 0/28 HPs)
             Began as a Naga Wizard on Apr 6, 2015.
             Slain by an adder (5 damage)
             ... on level 2 of the Dungeon.
             The game lasted 00:04:34 (1172 turns).

karlm the Sneak (Naga Wizard)                       Turns: 1172, Time: 00:04:34

Health: 0/28       AC:  2    Str:  9    XL:     3   Next: 66%
Magic:  1/8        EV: 10    Int: 19    God:
Gold:   68         SH:  0    Dex:  9    Spells: 3 memorised, 2 levels left

rFire  . . .     SeeInvis +     h - +0 whip
rCold  . . .     Clarity  .     a - +0 robe
rNeg   . . .     SustAb   .     (no shield)
rPois  +         Gourm    .     b - +0 hat
rElec  .         Spirit   .     (no cloak)
rCorr  .         Warding  .     (no gloves)
rMut   .         Stasis   .     (no barding)
MR     .....                    (no amulet)
Stlth  ++........               (no ring)
                                (no ring)

@: lethally poisoned (0 -> -5), short of breath, very slow, not resistant to
hostile enchantments, unstealthy
A: spit poison, see invisible, deformed body, poison resistance, slowness 2, AC
+1
a: Spit Poison


You were on level 2 of the Dungeon.
You were not hungry.

You visited 1 branch of the dungeon, and saw 2 of its levels.

You collected 68 gold pieces.

Inventory:

Hand weapons
 h - a +0 whip (weapon)
Missiles
 k - 60 stones (quivered)
Armour
 a - a +0 robe (worn)
 b - a +0 hat (worn)
Scrolls
 e - 2 scrolls of recharging {unknown}
 g - 5 scrolls of random uselessness {unknown}
 i - a scroll of amnesia {unknown}
 l - 2 scrolls of identify {unknown}
Potions
 f - a potion of magic {unknown}
Books
 c - a book of Minor Magic

   Spells                             Type                      Level
   a - Magic Dart                     Conjuration                  1
   b - Blink                          Translocation                2
   c - Call Imp                       Summoning                    2
   d - Repel Missiles                 Charms/Air                   2
   e - Slow                           Hexes                        2
   f - Conjure Flame                  Conjuration/Fire             3
   g - Mephitic Cloud                 Conjuration/Poison/Air       3
Comestibles
 d - 3 bread rations
 j - a beef jerky
 m - a chunk of flesh


   Skills:
 + Level 2.2 Dodging
 + Level 3.9 Stealth
 + Level 3.2 Spellcasting
 + Level 1.8 Conjurations
 - Level 1.0 Summonings
   Level 1.0 Translocations


You had 2 spell levels left.
You knew the following spells:

 Your Spells              Type           Power        Failure   Level  Hunger
a - Magic Dart            Conj           #...         10%         1    None
b - Call Imp              Summ           #.......     17%         2    ##.....
c - Conjure Flame         Conj/Fire      #.......     34%         3    ###....


Dungeon Overview and Level Annotations

Branches:
Dungeon (2/15)

Altars:


Innate Abilities, Weirdness & Mutations

You cannot wear boots.
You can spit poison.
Your serpentine skin is tough (AC +1).
You have supernaturally acute eyesight.
Armour fits poorly on your strangely shaped body.
Your system is resistant to poisons.
You cover ground very slowly.


Message History

The adder is almost dead.
You feel sick. The adder bites you.
* * * LOW HITPOINT WARNING * * *
The goblin hits you with a club.
* * * LOW HITPOINT WARNING * * *
Your crimson imp blinks!
You barely miss the adder.
The adder is almost dead.
* * * LOW HITPOINT WARNING * * *
You feel sick. The adder bites you but does no damage.
The goblin closely misses you. The adder barely misses you.
Use which ability? (? or * to list)
Press: ? - help, Shift-Dir - straight line, f/p - adder
Aim: an adder (severely wounded)
The splash of poison hits the adder.
The adder is poisoned.
The adder is almost dead.
You feel slightly more hungry.
Your crimson imp disappears in a puff of smoke!
The adder bites you.
You die...

..# ...... ? ....# ......g###
........## #.#5.#..
####....#g# #........#@#
######## #.#S# #......# #.§.#
#......# ##.#.# #......#
#....# #......#
########†#######......# #
.........##....#......## #
...............#.......#####
..........##.##.#............


You could see an adder and a goblin.

Vanquished Creatures
  2 worms (D:2)
  An ooze (D:1)
  A bat (D:1)
  6 hobgoblins
  A giant newt (D:1)
  4 goblins
  4 kobolds (D:1)
19 creatures vanquished.

Vanquished Creatures (collateral kills)
  2 adders (D:2)
  A bat (D:2)
  A goblin (D:2)
4 creatures vanquished.

Grand Total: 23 creatures vanquished

Notes
Turn   | Place    | Note
--------------------------------------------------------------
     0 | D:1      | karlm, the Naga Wizard, began the quest for the Orb.
     0 | D:1      | Reached XP level 1. HP: 15/15 MP: 4/4
   141 | D:1      | Reached XP level 2. HP: 22/22 MP: 6/6
   145 | D:1      | Learned a level 2 spell: Call Imp
   869 | D:2      | Reached XP level 3. HP: 28/28 MP: 8/8
  1121 | D:2      | Learned a level 3 spell: Conjure Flame
  1172 | D:2      | Slain by an adder

Action                   || total
-------------------------++-------
Melee: Whip              ||    10
 Cast: Magic Dart        ||    11
       Call Imp          ||     9
 Abil: Spit Poison       ||    39
  Eat: Chunk             ||     3
